Lightning vs Jets
Created - November 26, 2017 at 19:00
Goals
|
| Lightning |
1 |
2 |
0 |
3 |
| Jets |
0 |
1 |
0 |
1 |
|
Shots
|
| Lightning |
7 |
9 |
11 |
27 |
| Jets |
9 |
13 |
4 |
26 |
|
1st period
1. Lightning , Robert Nilsson 10 (Sheldon Keefe 2) at 18:38 (SH)
Penalties :
Henrik Zetterberg (TB.) for High sticking (Minor) at 3:01, Jordan Nolan (TB.) for Hooking (Minor) at 18:26
2nd period
2. Jets , Benoit Pouliot 13 (Dustin Brown 13, Derek Roy 11) at 3:33
3. Lightning , Sheldon Keefe 5 (Dwight King 1) at 5:25
4. Lightning , Steve Bernier 6 (John Carlson 11) at 16:28 (PP)
Penalties :
Tyler Myers (Win) for Goalie Interference (Minor) at 15:42, Marco Scandella (Win) for Hooking (Minor) at 17:54
3rd period
No Goal
Penalties :
Henrik Zetterberg (TB.) for Hooking (Minor) at 1:07, Danny Richmond (TB.) for High sticking (Minor) at 11:06
Goalie Stats
Jaroslav Halak (TB.), 25 saves from 26 shots - (0.962), W, 11-6-1, 60:00 minutes
Jacob Markstrom (Win), 24 saves from 27 shots - (0.889), L, 5-7-1, 60:00 minutes
Players Stats for Lightning
Player Name G A P +/- PIM S H SB GA TA FO MP PP MP PK MP
------------------------------------------------------------------------------------
Andy Rogers 0 0 0 1 0 1 0 1 0 2 0/0 17:04 0:00 5:12
Brent Burns 0 0 0 -1 0 1 5 2 0 0 0/0 25:22 0:53 2:44
Daniel Carcillo 0 0 0 0 0 2 4 0 0 0 0/0 15:14 0:01 3:12
Danny Richmond 0 0 0 0 2 1 2 1 2 0 0/0 15:32 0:00 2:03
Dwight King 0 1 1 1 0 0 0 1 0 0 0/0 7:06 0:01 0:01
Henrik Zetterberg 0 0 0 -1 4 2 0 0 0 1 1/1 19:41 1:37 0:00
Jeff Schultz 0 0 0 2 0 1 0 1 2 1 0/0 22:13 0:53 5:12
John Carlson 0 1 1 -1 0 2 0 3 0 1 0/0 21:33 1:52 0:00
Jordan Nolan 0 0 0 -1 2 1 1 1 0 1 10/21 20:09 1:07 0:31
Justin Schultz 0 0 0 1 0 0 1 0 0 0 0/0 18:52 1:52 0:41
Kris Versteeg 0 0 0 -1 0 3 1 1 2 1 0/1 18:58 1:37 0:00
Mikael Backlund 0 0 0 1 0 0 0 0 0 1 0/3 8:47 0:00 2:09
Pierre-Luc Létourneau 0 0 0 0 0 1 1 0 0 0 0/1 12:34 0:00 0:00
Pierre-Marc Bouchard 0 0 0 0 0 6 2 0 2 1 6/10 12:57 0:00 0:23
Reilly Smith 0 0 0 0 0 0 0 0 0 0 0/1 12:36 1:07 0:00
Robert Nilsson 1 0 1 1 0 2 1 0 0 0 10/19 17:59 1:37 4:53
Sheldon Keefe 1 1 2 2 0 1 1 0 1 0 0/0 11:42 0:01 4:43
Steve Bernier 1 0 1 0 0 3 0 0 0 0 0/1 13:41 1:07 0:00
Players Stats for Jets
Player Name G A P +/- PIM S H SB GA TA FO MP PP MP PK MP
------------------------------------------------------------------------------------
Anton Volchenkov 0 0 0 1 0 0 1 1 0 0 0/0 13:03 0:00 1:53
Benoit Pouliot 1 0 1 0 0 4 5 0 2 1 0/0 21:56 4:19 0:35
Derek Roy 0 1 1 0 0 3 3 0 1 1 19/34 23:03 4:19 1:42
Derek Stepan 0 0 0 0 0 1 5 0 1 0 4/8 16:10 3:37 0:00
Devin Setoguchi 0 0 0 0 0 2 2 0 0 0 0/0 16:10 3:37 0:00
Dustin Brown 0 1 1 0 0 3 0 0 0 1 2/5 21:49 4:19 0:28
Eric Gelinas 0 0 0 -1 0 0 0 1 0 1 0/0 21:32 3:23 0:52
Erik Haula 0 0 0 0 0 2 1 1 0 0 0/1 9:37 0:00 1:42
Fredrik Sjostrom 0 0 0 -1 0 2 4 0 0 0 0/0 11:49 0:00 0:00
Jimmy Hayes 0 0 0 0 0 0 0 0 0 1 0/0 7:55 0:00 0:00
Joe Colborne 0 0 0 0 0 3 1 0 1 0 1/2 8:23 0:00 0:28
Kevin Klein 0 0 0 1 0 1 1 0 0 0 0/0 12:02 0:00 0:52
Lee Stempniak 0 0 0 -1 0 0 2 0 0 0 0/0 11:49 0:00 0:00
Marco Scandella 0 0 0 -1 2 2 1 1 3 3 0/0 26:10 4:33 0:46
Marcus Johansson 0 0 0 0 0 0 1 0 0 0 1/1 16:10 3:37 0:00
Mikko Koivu 0 0 0 -1 0 1 0 0 1 1 4/7 12:24 0:00 0:35
Shea Weber 0 0 0 -1 0 2 4 2 0 0 0/0 23:46 3:23 0:00
Tyler Myers 0 0 0 -1 2 0 1 2 0 0 0/0 23:25 4:33 1:07
3 Stars
1 - Sheldon Keefe (TB.)
2 - Benoit Pouliot (Win)
3 - Jaroslav Halak (TB.)
Power Play
Lightning - 1 on 2 Attempt(s) - 50.00%
Jets - 0 on 4 Attempt(s) - 0.00%
Penalty Kill
Lightning - 4 on 4 Attempt(s) - 100.00%
- Score 1 goal in Penalty Kill
Jets - 1 on 2 Attempt(s) - 50.00%
- Score 0 goal in Penalty Kill
Team Stat
Lightning - Hits : 19 - Faceoff Wins : 27 - Blocked Shots : 11 - Penalty Minutes : 8
Jets - Hits : 32 - Faceoff Wins : 31 - Blocked Shots : 8 - Penalty Minutes : 4
Official
Referees : L'Ecuyer Frederick and Dwyer Gord
Linesman : Vaughan Rody and Darren Gibbs
Game Notes
No Game Note
Finance
Level 1 -- Attendance: 5999 (99.98%) -- Ticket Income $467,922
Level 2 -- Attendance: 5000 (100.00%) -- Ticket Income $260,000
Level 3 -- Attendance: 1990 (99.50%) -- Ticket Income $57,710
Level 4 -- Attendance: 3586 (89.65%) -- Ticket Income $93,236
Luxury Box -- Attendance: 954 (95.40%) -- Ticket Income $152,640
Game was played at the MTS Center.
Total Attendance: 17529 (97.38%)
Total Ticket Income: $1,031,508
Other Income: $154,726
Total Income: $1,186,234
Lightning
5 vs 5 Forward
Center Left Wing Right Wing Time % Phy DF OF
1 Jordan Nolan Henrik Zetterberg Kris Versteeg 40 1 2 2
2 Robert Nilsson Daniel Carcillo Reilly Smith 25 1 2 2
3 Pierre-Marc Bouchard Pierre-Luc Létourneau Steve Bernier 25 1 2 2
4 Mikael Backlund Dwight King Sheldon Keefe 10 1 2 2
5 vs 5 Defense
Defense Defense Time % Phy DF OF
1 John Carlson Brent Burns 40 1 2 2
2 Jeff Schultz Justin Schultz 30 1 2 2
3 Andy Rogers Danny Richmond 20 1 2 2
4 John Carlson Brent Burns 10 1 2 2
PowerPlay Forward
Center Left Wing Right Wing Time % Phy DF OF
1 Robert Nilsson Henrik Zetterberg Kris Versteeg 60 1 2 2
2 Jordan Nolan Steve Bernier Reilly Smith 40 1 2 2
PowerPlay Defense
Defense Defense Time % Phy DF OF
1 Justin Schultz John Carlson 60 1 2 2
2 Brent Burns Jeff Schultz 40 1 2 2
Penalty Kill 4 Players Forward
Center Wing Time % Phy DF OF
1 Robert Nilsson Sheldon Keefe 60 1 2 2
2 Mikael Backlund Daniel Carcillo 40 1 2 2
Penalty Kill 4 Players Defense
Defense Defense Time % Phy DF OF
1 Jeff Schultz Andy Rogers 60 1 2 2
2 Danny Richmond Brent Burns 40 1 2 2
Penalty Kill - 3 Players Forward
Forward Time % Phy DF OF
1 Henrik Zetterberg 60 1 2 2
2 Robert Nilsson 40 1 2 2
Penalty Kill - 3 Players Defense
Defense Defense Time % Phy DF OF
1 Jeff Schultz Brent Burns 60 1 2 2
2 Andy Rogers Danny Richmond 40 1 2 2
4 vs 4 Forward
Center Wing Time % Phy DF OF
1 Robert Nilsson Henrik Zetterberg 60 1 2 2
2 Jordan Nolan Reilly Smith 40 1 2 2
4 vs 4 Defense
Defense Defense Time % Phy DF OF
1 John Carlson Brent Burns 60 1 2 2
2 Danny Richmond Justin Schultz 40 1 2 2
Last Minutes Offensive
Center Left Wing Right Wing Defense Defense
Robert Nilsson Henrik Zetterberg Kris Versteeg John Carlson Brent Burns
Last Minutes Defensive
Center Left Wing Right Wing Defense Defense
Robert Nilsson Daniel Carcillo Sheldon Keefe Jeff Schultz Andy Rogers
Goaltenders
Starting : Jaroslav Halak
Backup : Adam Munro
Extra Forwards
Normal : Daniel Carcillo, Reilly Smith, Sheldon Keefe - PP : Daniel Carcillo, Reilly Smith - PK : Sheldon Keefe
Extra Defensemen
Normal : Andy Rogers, Brent Burns, Danny Richmond - PP : Andy Rogers - PK : Justin Schultz, Andy Rogers
Penalty Shots
Henrik Zetterberg, Robert Nilsson, Pierre-Marc Bouchard, Kris Versteeg, Reilly Smith
Scratches
Loui Eriksson (Back Spasms Injury)
Jets
5 vs 5 Forward
Center Left Wing Right Wing Time % Phy DF OF
1 Derek Roy Benoit Pouliot Dustin Brown 40 0 1 4
2 Derek Stepan Marcus Johansson Devin Setoguchi 30 0 1 4
3 Mikko Koivu Fredrik Sjostrom Lee Stempniak 20 1 2 2
4 Joe Colborne Erik Haula Jimmy Hayes 10 1 2 2
5 vs 5 Defense
Defense Defense Time % Phy DF OF
1 Marco Scandella Tyler Myers 35 0 3 2
2 Shea Weber Eric Gelinas 35 0 3 2
3 Anton Volchenkov Kevin Klein 20 1 2 2
4 Shea Weber Marco Scandella 10 1 2 2
PowerPlay Forward
Center Left Wing Right Wing Time % Phy DF OF
1 Derek Roy Benoit Pouliot Dustin Brown 60 0 1 4
2 Derek Stepan Marcus Johansson Devin Setoguchi 40 0 1 4
PowerPlay Defense
Defense Defense Time % Phy DF OF
1 Marco Scandella Tyler Myers 55 0 2 3
2 Eric Gelinas Shea Weber 45 0 2 3
Penalty Kill 4 Players Forward
Center Wing Time % Phy DF OF
1 Derek Roy Erik Haula 60 1 2 2
2 Joe Colborne Dustin Brown 40 1 3 1
Penalty Kill 4 Players Defense
Defense Defense Time % Phy DF OF
1 Tyler Myers Marco Scandella 60 1 4 0
2 Shea Weber Anton Volchenkov 40 1 4 0
Penalty Kill - 3 Players Forward
Forward Time % Phy DF OF
1 Erik Haula 60 1 2 2
2 Dustin Brown 40 1 2 2
Penalty Kill - 3 Players Defense
Defense Defense Time % Phy DF OF
1 Marco Scandella Tyler Myers 60 1 2 2
2 Shea Weber Anton Volchenkov 40 1 2 2
4 vs 4 Forward
Center Wing Time % Phy DF OF
1 Derek Stepan Dustin Brown 60 1 2 2
2 Derek Roy Benoit Pouliot 40 1 2 2
4 vs 4 Defense
Defense Defense Time % Phy DF OF
1 Tyler Myers Marco Scandella 60 1 2 2
2 Eric Gelinas Shea Weber 40 1 2 2
Last Minutes Offensive
Center Left Wing Right Wing Defense Defense
Derek Roy Benoit Pouliot Dustin Brown Shea Weber Marco Scandella
Last Minutes Defensive
Center Left Wing Right Wing Defense Defense
Derek Roy Erik Haula Dustin Brown Shea Weber Tyler Myers
Goaltenders
Starting : Jacob Markstrom
Backup : Kari Lehtonen
Extra Forwards
Normal : Derek Roy, Benoit Pouliot, Dustin Brown - PP : Derek Roy, Benoit Pouliot - PK : Derek Roy
Extra Defensemen
Normal : Anton Volchenkov, Tyler Myers, Marco Scandella - PP : Anton Volchenkov - PK : Marco Scandella, Tyler Myers
Penalty Shots
Derek Roy, Benoit Pouliot, Dustin Brown, Mikko Koivu, Derek Stepan
Scratches
Eric Fehr (Healthy), Michael Rupp (Healthy)
% Time on Ice - Lightning
Lines # - Real PCT - Wanted PCT - Time Play
Normal Forward
1 - 38% - 40% - 18:49
2 - 23% - 25% - 11:18
3 - 25% - 25% - 12:34
4 - 13% - 10% - 6:38
Normal Defense
1 - 37% - 40% - 18:24
2 - 36% - 30% - 17:46
3 - 23% - 20% - 11:32
4 - 3% - 10% - 1:37
PP Forward
1 - 59% - 60% - 1:38
2 - 41% - 40% - 1:07
PP Defense
1 - 68% - 60% - 1:52
2 - 32% - 40% - 0:53
PK Forward
1 - 73% - 60% - 5:47
2 - 27% - 40% - 2:09
PK Defense
1 - 66% - 60% - 5:12
2 - 34% - 40% - 2:44
PK3 Forward
1 - 0% - 60%
2 - 0% - 40%
PK3 Defense
1 - 0% - 60%
2 - 0% - 40%
44 Forward
1 - 0% - 60%
2 - 0% - 40%
44 Defense
1 - 0% - 60%
2 - 0% - 40%
Last Minute Offensive - 0:00
Last Minute Defensive - 0:00
Total
Forward - 60:00
Defense - 60:00
|
% Time on Ice - Jets
Lines # - Real PCT - Wanted PCT - Time Play
Normal Forward
1 - 35% - 40% - 17:02
2 - 25% - 30% - 12:33
3 - 24% - 20% - 11:49
4 - 16% - 10% - 7:55
Normal Defense
1 - 36% - 35% - 17:46
2 - 35% - 35% - 17:17
3 - 23% - 20% - 11:10
4 - 6% - 10% - 3:06
PP Forward
1 - 54% - 60% - 4:19
2 - 46% - 40% - 3:37
PP Defense
1 - 57% - 55% - 4:33
2 - 43% - 45% - 3:23
PK Forward
1 - 83% - 60% - 2:17
2 - 17% - 40% - 0:28
PK Defense
1 - 100% - 60% - 2:45
2 - 0% - 40% - 0:00
PK3 Forward
1 - 0% - 60%
2 - 0% - 40%
PK3 Defense
1 - 0% - 60%
2 - 0% - 40%
44 Forward
1 - 0% - 60%
2 - 0% - 40%
44 Defense
1 - 0% - 60%
2 - 0% - 40%
Last Minute Offensive - 0:00
Last Minute Defensive - 0:00
Total
Forward - 60:00
Defense - 60:00
|
Play by Play
1st period
0:01 of 1st period - Jordan Nolan wins face-off versus Derek Roy in neutral zone.
0:04 of 1st period - Snap shot by Henrik Zetterberg.
0:04 of 1st period - Shot Blocked by Marco Scandella.
2:37 of 1st period - Sheldon Keefe is hit by Anton Volchenkov and loses puck.
3:01 of 1st period - Minor Penalty to Henrik Zetterberg for High sticking.
3:02 of 1st period - Derek Roy wins face-off versus Robert Nilsson in Lightning zone.
3:02 of 1st period - Snap shot by Benoit Pouliot.
3:02 of 1st period - Deflect By Derek Roy.
3:02 of 1st period - Shot Blocked by Jeff Schultz.
3:02 of 1st period - Puck is out of play.
3:03 of 1st period - Dustin Brown wins face-off versus Robert Nilsson in Lightning zone.
3:40 of 1st period - Off-side.
3:41 of 1st period - Derek Roy wins face-off versus Robert Nilsson in neutral zone.
5:01 of 1st period - Penalty to Henrik Zetterberg is over, Henrik Zetterberg is back on ice.
5:14 of 1st period - Robert Nilsson is hit by Lee Stempniak and loses puck.
5:41 of 1st period - Danny Richmond is hit by Erik Haula and loses puck.
7:09 of 1st period - John Carlson is hit by Shea Weber and loses puck.
8:04 of 1st period - Slapshot by Pierre-Marc Bouchard.
8:04 of 1st period - Stopped by Jacob Markstrom without a rebound.
8:05 of 1st period - Pierre-Marc Bouchard wins face-off versus Derek Stepan in Jets zone.
8:12 of 1st period - Derek Stepan is hit by Pierre-Marc Bouchard and loses puck.
8:24 of 1st period - Anton Volchenkov is hit by Pierre-Luc Létourneau and loses puck.
8:33 of 1st period - Snap shot by Pierre-Marc Bouchard.
8:33 of 1st period - Shot Misses the Net.
8:51 of 1st period - Snap shot by Derek Stepan.
8:51 of 1st period - Shot Misses the Net.
8:53 of 1st period - Snap shot by Marco Scandella.
8:53 of 1st period - Stopped by Jaroslav Halak without a rebound.
8:54 of 1st period - Jordan Nolan wins face-off versus Dustin Brown in Lightning zone.
8:59 of 1st period - Wrist shot by Kris Versteeg.
8:59 of 1st period - Shot Misses the Net.
9:07 of 1st period - Wrist shot by Benoit Pouliot.
9:07 of 1st period - Stopped by Jaroslav Halak with a rebound.
9:09 of 1st period - Snap shot by Marco Scandella.
9:09 of 1st period - Shot Misses the Net.
9:11 of 1st period - Backhand shot by Derek Roy.
9:11 of 1st period - Shot Blocked by Kris Versteeg.
9:28 of 1st period - Wrist shot by Fredrik Sjostrom.
9:28 of 1st period - Stopped by Jaroslav Halak without a rebound.
9:29 of 1st period - Robert Nilsson wins face-off versus Dustin Brown in Lightning zone.
9:34 of 1st period - Derek Roy is hit by Danny Richmond and loses puck.
9:45 of 1st period - Wrist shot by Dustin Brown.
9:45 of 1st period - Shot Misses the Net.
10:34 of 1st period - Snap shot by Devin Setoguchi.
10:34 of 1st period - Stopped by Jaroslav Halak with a rebound.
11:33 of 1st period - Jeff Schultz is hit by Lee Stempniak and loses puck.
11:52 of 1st period - Wrist shot by Joe Colborne.
11:52 of 1st period - Stopped by Jaroslav Halak with a rebound.
12:04 of 1st period - Andy Rogers is hit by Derek Roy and loses puck.
13:51 of 1st period - Joe Colborne is hit by Daniel Carcillo and loses puck.
14:10 of 1st period - Backhand shot by Joe Colborne.
14:10 of 1st period - Stopped by Jaroslav Halak with a rebound.
14:12 of 1st period - Snap shot by Benoit Pouliot.
14:12 of 1st period - Shot Blocked by Dwight King.
14:14 of 1st period - Wrist shot by Kevin Klein.
14:14 of 1st period - Stopped by Jaroslav Halak without a rebound.
14:15 of 1st period - Jordan Nolan wins face-off versus Derek Roy in Lightning zone.
14:15 of 1st period - Jordan Nolan is hit by Derek Roy.
14:35 of 1st period - Jeff Schultz is hit by Benoit Pouliot and loses puck.
14:50 of 1st period - Wrist shot by Benoit Pouliot.
14:50 of 1st period - Stopped by Jaroslav Halak with a rebound.
15:11 of 1st period - Snap shot by Kris Versteeg.
15:11 of 1st period - Shot Misses the Net.
15:13 of 1st period - Slapshot by Jeff Schultz.
15:13 of 1st period - Stopped by Jacob Markstrom with a rebound.
15:15 of 1st period - Wrist shot by Jordan Nolan.
15:15 of 1st period - Stopped by Jacob Markstrom with a rebound.
15:17 of 1st period - Slapshot by Justin Schultz.
15:17 of 1st period - Deflect By Kris Versteeg.
15:17 of 1st period - Stopped by Jacob Markstrom without a rebound.
15:18 of 1st period - Derek Stepan wins face-off versus Reilly Smith in Jets zone.
15:27 of 1st period - John Carlson is hit by Derek Stepan and loses puck.
15:57 of 1st period - Off-side.
15:58 of 1st period - Derek Stepan wins face-off versus Mikael Backlund in neutral zone.
16:11 of 1st period - Wrist shot by Sheldon Keefe.
16:11 of 1st period - Shot Misses the Net.
16:13 of 1st period - Snap shot by Sheldon Keefe.
16:13 of 1st period - Shot Blocked by Shea Weber.
16:25 of 1st period - Icing by Reilly Smith.
16:26 of 1st period - Robert Nilsson wins face-off versus Mikko Koivu in Lightning zone.
16:51 of 1st period - Wrist shot by Robert Nilsson.
16:51 of 1st period - Shot Blocked by Tyler Myers.
16:53 of 1st period - Snap shot by Daniel Carcillo.
16:53 of 1st period - Stopped by Jacob Markstrom without a rebound.
16:54 of 1st period - Derek Roy wins face-off versus Jordan Nolan in Jets zone.
17:21 of 1st period - Brent Burns is hit by Shea Weber and loses puck.
17:53 of 1st period - Slapshot by John Carlson.
17:53 of 1st period - Stopped by Jacob Markstrom with a rebound.
18:24 of 1st period - Slapshot by Marco Scandella.
18:24 of 1st period - Stopped by Jaroslav Halak with a rebound.
18:26 of 1st period - Minor Penalty to Jordan Nolan for Hooking.
18:27 of 1st period - Robert Nilsson wins face-off versus Derek Roy in Lightning zone.
18:38 of 1st period - Snap shot by Robert Nilsson.
18:38 of 1st period - Goal by Robert Nilsson - Lightning : 1 - Jets : 0.
18:39 of 1st period - Robert Nilsson wins face-off versus Derek Roy in neutral zone.
Goals for this period are 1 for Lightning vs 0 for Jets.
Shots for this period are 7 for Lightning vs 9 for Jets.
2nd period
0:01 of 2nd period - Derek Roy wins face-off versus Robert Nilsson in neutral zone.
0:04 of 2nd period - Wrist shot by Derek Roy.
0:04 of 2nd period - Deflect By Dustin Brown.
0:04 of 2nd period - Stopped by Jaroslav Halak without a rebound.
0:05 of 2nd period - Robert Nilsson wins face-off versus Derek Roy in Lightning zone.
0:14 of 2nd period - Jeff Schultz is hit by Benoit Pouliot and loses puck.
0:26 of 2nd period - Penalty to Jordan Nolan is over, Jordan Nolan is back on ice.
0:38 of 2nd period - Snap shot by Devin Setoguchi.
0:38 of 2nd period - Shot Blocked by Jordan Nolan.
1:00 of 2nd period - Slapshot by Mikko Koivu.
1:00 of 2nd period - Stopped by Jaroslav Halak without a rebound.
1:01 of 2nd period - Derek Roy wins face-off versus Jordan Nolan in Lightning zone.
1:26 of 2nd period - Robert Nilsson is hit by Devin Setoguchi.
1:40 of 2nd period - Wrist shot by Derek Stepan.
1:40 of 2nd period - Shot Blocked by Danny Richmond.
2:19 of 2nd period - Snap shot by Anton Volchenkov.
2:19 of 2nd period - Shot Misses the Net.
2:37 of 2nd period - Wrist shot by Benoit Pouliot.
2:37 of 2nd period - Stopped by Jaroslav Halak without a rebound.
2:38 of 2nd period - Derek Roy wins face-off versus Jordan Nolan in Lightning zone.
2:49 of 2nd period - Wrist shot by Derek Roy.
2:49 of 2nd period - Stopped by Jaroslav Halak with a rebound.
2:51 of 2nd period - Slapshot by Marco Scandella.
2:51 of 2nd period - Shot Blocked by John Carlson.
2:53 of 2nd period - Snap shot by Dustin Brown.
2:53 of 2nd period - Stopped by Jaroslav Halak with a rebound.
2:55 of 2nd period - Snap shot by Derek Roy.
2:55 of 2nd period - Shot Misses the Net.
3:03 of 2nd period - Snap shot by Derek Roy.
3:03 of 2nd period - Shot Blocked by Brent Burns.
3:33 of 2nd period - Snap shot by Benoit Pouliot.
3:33 of 2nd period - Goal by Benoit Pouliot - Lightning : 1 - Jets : 1.
3:34 of 2nd period - Pierre-Marc Bouchard wins face-off versus Derek Stepan in neutral zone.
3:39 of 2nd period - Snap shot by Pierre-Marc Bouchard.
3:39 of 2nd period - Shot Blocked by Shea Weber.
3:41 of 2nd period - Slapshot by Pierre-Marc Bouchard.
3:41 of 2nd period - Stopped by Jacob Markstrom without a rebound.
3:42 of 2nd period - Marcus Johansson wins face-off versus Pierre-Marc Bouchard in Jets zone.
3:42 of 2nd period - Marcus Johansson is hit by Pierre-Marc Bouchard.
3:56 of 2nd period - Wrist shot by Pierre-Marc Bouchard.
3:56 of 2nd period - Stopped by Jacob Markstrom without a rebound.
3:57 of 2nd period - Jordan Nolan wins face-off versus Derek Roy in Jets zone.
4:35 of 2nd period - Snap shot by Henrik Zetterberg.
4:35 of 2nd period - Shot Misses the Net.
4:37 of 2nd period - Backhand shot by Henrik Zetterberg.
4:37 of 2nd period - Stopped by Jacob Markstrom with a rebound.
4:39 of 2nd period - Snap shot by Jordan Nolan.
4:39 of 2nd period - Deflect By Henrik Zetterberg.
4:39 of 2nd period - Shot Blocked by Eric Gelinas.
4:39 of 2nd period - Puck is out of play.
4:40 of 2nd period - Derek Roy wins face-off versus Robert Nilsson in Jets zone.
5:13 of 2nd period - Slapshot by Pierre-Luc Létourneau.
5:13 of 2nd period - Shot Misses the Net.
5:15 of 2nd period - Snap shot by Pierre-Marc Bouchard.
5:15 of 2nd period - Shot Blocked by Tyler Myers.
5:25 of 2nd period - Wrist shot by Sheldon Keefe.
5:25 of 2nd period - Goal by Sheldon Keefe - Lightning : 2 - Jets : 1.
5:26 of 2nd period - Jordan Nolan wins face-off versus Derek Roy in neutral zone.
5:29 of 2nd period - Slapshot by John Carlson.
5:29 of 2nd period - Shot Misses the Net.
6:21 of 2nd period - Snap shot by Fredrik Sjostrom.
6:21 of 2nd period - Stopped by Jaroslav Halak without a rebound.
6:22 of 2nd period - Pierre-Marc Bouchard wins face-off versus Derek Roy in Lightning zone.
6:37 of 2nd period - Off-side.
6:38 of 2nd period - Derek Stepan wins face-off versus Jordan Nolan in neutral zone.
6:53 of 2nd period - Snap shot by Derek Stepan.
6:53 of 2nd period - Stopped by Jaroslav Halak with a rebound.
6:55 of 2nd period - Snap shot by Marcus Johansson.
6:55 of 2nd period - Deflect By Derek Stepan.
6:55 of 2nd period - Shot Blocked by John Carlson.
6:55 of 2nd period - Puck is out of play.
6:56 of 2nd period - Robert Nilsson wins face-off versus Derek Roy in Lightning zone.
7:03 of 2nd period - Snap shot by Robert Nilsson.
7:03 of 2nd period - Shot Misses the Net.
7:31 of 2nd period - Slapshot by Henrik Zetterberg.
7:31 of 2nd period - Deflect By Kris Versteeg.
7:31 of 2nd period - Shot Misses the Net.
7:31 of 2nd period - Puck is out of play.
7:32 of 2nd period - Derek Roy wins face-off versus Steve Bernier in Jets zone.
7:37 of 2nd period - Pierre-Marc Bouchard is hit by Derek Roy and loses puck.
8:05 of 2nd period - Wrist shot by Henrik Zetterberg.
8:05 of 2nd period - Stopped by Jacob Markstrom without a rebound.
8:06 of 2nd period - Jordan Nolan wins face-off versus Derek Stepan in Jets zone.
8:37 of 2nd period - Wrist shot by Dustin Brown.
8:37 of 2nd period - Deflect By Daniel Carcillo.
8:37 of 2nd period - Shot Misses the Net.
8:37 of 2nd period - Puck is out of play.
8:38 of 2nd period - Robert Nilsson wins face-off versus Dustin Brown in Lightning zone.
8:38 of 2nd period - Robert Nilsson is hit by Benoit Pouliot.
9:24 of 2nd period - Snap shot by Shea Weber.
9:24 of 2nd period - Stopped by Jaroslav Halak without a rebound.
9:25 of 2nd period - Jordan Nolan wins face-off versus Joe Colborne in Lightning zone.
9:25 of 2nd period - Jordan Nolan is hit by Joe Colborne.
9:31 of 2nd period - Snap shot by Erik Haula.
9:31 of 2nd period - Stopped by Jaroslav Halak with a rebound.
9:39 of 2nd period - Snap shot by Erik Haula.
9:39 of 2nd period - Shot Misses the Net.
9:41 of 2nd period - Slapshot by Joe Colborne.
9:41 of 2nd period - Shot Blocked by Brent Burns.
10:20 of 2nd period - Icing by Benoit Pouliot.
10:21 of 2nd period - Derek Roy wins face-off versus Pierre-Marc Bouchard in Jets zone.
10:58 of 2nd period - Wrist shot by Derek Roy.
10:58 of 2nd period - Stopped by Jaroslav Halak without a rebound.
10:59 of 2nd period - Derek Stepan wins face-off versus Jordan Nolan in Lightning zone.
11:10 of 2nd period - Marcus Johansson is hit by Brent Burns and loses puck.
11:25 of 2nd period - Brent Burns is hit by Fredrik Sjostrom and loses puck.
11:34 of 2nd period - Slapshot by Brent Burns.
11:34 of 2nd period - Shot Blocked by Anton Volchenkov.
12:12 of 2nd period - Justin Schultz is hit by Kevin Klein.
12:24 of 2nd period - Snap shot by Joe Colborne.
12:24 of 2nd period - Stopped by Jaroslav Halak without a rebound.
12:25 of 2nd period - Derek Roy wins face-off versus Pierre-Marc Bouchard in Lightning zone.
12:52 of 2nd period - Marco Scandella is hit by Brent Burns and loses puck.
12:59 of 2nd period - Wrist shot by Daniel Carcillo.
12:59 of 2nd period - Stopped by Jacob Markstrom with a rebound.
13:35 of 2nd period - Wrist shot by Henrik Zetterberg.
13:35 of 2nd period - Shot Misses the Net.
14:10 of 2nd period - Robert Nilsson is hit by Derek Stepan and loses puck.
14:15 of 2nd period - Wrist shot by Derek Stepan.
14:15 of 2nd period - Deflect By Devin Setoguchi.
14:15 of 2nd period - Deflect By Brent Burns.
14:15 of 2nd period - Stopped by Jaroslav Halak without a rebound.
14:16 of 2nd period - Derek Roy wins face-off versus Jordan Nolan in Lightning zone.
15:42 of 2nd period - Minor Penalty to Tyler Myers for Goalie Interference.
15:43 of 2nd period - Derek Roy wins face-off versus Robert Nilsson in Jets zone.
15:47 of 2nd period - Snap shot by Derek Roy.
15:47 of 2nd period - Shot Misses the Net.
15:55 of 2nd period - Slapshot by John Carlson.
15:55 of 2nd period - Stopped by Jacob Markstrom without a rebound.
15:56 of 2nd period - Robert Nilsson wins face-off versus Derek Roy in Jets zone.
16:23 of 2nd period - Derek Roy is hit by Jordan Nolan and loses puck.
16:28 of 2nd period - Snap shot by Steve Bernier.
16:28 of 2nd period - Goal by Steve Bernier - Lightning : 3 - Jets : 1.
16:29 of 2nd period - Derek Roy wins face-off versus Jordan Nolan in neutral zone.
16:32 of 2nd period - Henrik Zetterberg is hit by Benoit Pouliot.
16:58 of 2nd period - John Carlson is hit by Derek Stepan and loses puck.
17:19 of 2nd period - Wrist shot by Robert Nilsson.
17:19 of 2nd period - Deflect By Daniel Carcillo.
17:19 of 2nd period - Shot Hit the Post.
17:19 of 2nd period - Puck is out of play.
17:20 of 2nd period - Mikko Koivu wins face-off versus Robert Nilsson in Jets zone.
17:27 of 2nd period - Jeff Schultz is hit by Fredrik Sjostrom and loses puck.
17:36 of 2nd period - Wrist shot by Daniel Carcillo.
17:36 of 2nd period - Deflect By Robert Nilsson.
17:36 of 2nd period - Stopped by Jacob Markstrom without a rebound.
17:37 of 2nd period - Derek Roy wins face-off versus Jordan Nolan in Jets zone.
17:54 of 2nd period - Minor Penalty to Marco Scandella for Hooking.
17:55 of 2nd period - Henrik Zetterberg wins face-off versus Derek Roy in Jets zone.
18:17 of 2nd period - Erik Haula is hit by Robert Nilsson and loses puck.
19:54 of 2nd period - Penalty to Marco Scandella is over, Marco Scandella is back on ice.
19:59 of 2nd period - Marcus Johansson is hit by Sheldon Keefe and loses puck.
Goals for this period are 2 for Lightning vs 1 for Jets.
Shots for this period are 9 for Lightning vs 13 for Jets.
3rd period
0:01 of 3rd period - Jordan Nolan wins face-off versus Derek Roy in neutral zone.
0:04 of 3rd period - Dustin Brown is hit by Kris Versteeg and loses puck.
0:13 of 3rd period - Snap shot by Kris Versteeg.
0:13 of 3rd period - Stopped by Jacob Markstrom without a rebound.
0:14 of 3rd period - Derek Roy wins face-off versus Jordan Nolan in Jets zone.
0:35 of 3rd period - Marco Scandella is hit by Brent Burns and loses puck.
1:07 of 3rd period - Minor Penalty to Henrik Zetterberg for Hooking.
1:08 of 3rd period - Robert Nilsson wins face-off versus Derek Stepan in Lightning zone.
1:08 of 3rd period - Robert Nilsson is hit by Devin Setoguchi.
1:46 of 3rd period - Off-side.
1:47 of 3rd period - Derek Roy wins face-off versus Mikael Backlund in neutral zone.
1:50 of 3rd period - Brent Burns is hit by Benoit Pouliot and loses puck.
2:55 of 3rd period - Jeff Schultz is hit by Shea Weber and loses puck.
3:07 of 3rd period - Penalty to Henrik Zetterberg is over, Henrik Zetterberg is back on ice.
3:34 of 3rd period - Snap shot by Brent Burns.
3:34 of 3rd period - Stopped by Jacob Markstrom with a rebound.
3:52 of 3rd period - Dwight King is hit by Fredrik Sjostrom and loses puck.
4:07 of 3rd period - Marco Scandella is hit by Daniel Carcillo.
4:25 of 3rd period - Jordan Nolan is hit by Tyler Myers and loses puck.
4:40 of 3rd period - Wrist shot by Steve Bernier.
4:40 of 3rd period - Stopped by Jacob Markstrom without a rebound.
4:41 of 3rd period - Pierre-Marc Bouchard wins face-off versus Mikko Koivu in Jets zone.
5:00 of 3rd period - Shea Weber is hit by Brent Burns and loses puck.
5:10 of 3rd period - Wrist shot by Benoit Pouliot.
5:10 of 3rd period - Shot Misses the Net.
6:48 of 3rd period - Devin Setoguchi is hit by Danny Richmond and loses puck.
7:11 of 3rd period - Slapshot by Shea Weber.
7:11 of 3rd period - Stopped by Jaroslav Halak without a rebound.
7:12 of 3rd period - Pierre-Marc Bouchard wins face-off versus Erik Haula in Lightning zone.
7:19 of 3rd period - Wrist shot by Pierre-Marc Bouchard.
7:19 of 3rd period - Stopped by Jacob Markstrom with a rebound.
7:21 of 3rd period - Slapshot by Steve Bernier.
7:21 of 3rd period - Stopped by Jacob Markstrom with a rebound.
7:23 of 3rd period - Snap shot by Pierre-Marc Bouchard.
7:23 of 3rd period - Stopped by Jacob Markstrom with a rebound.
7:25 of 3rd period - Slapshot by Brent Burns.
7:25 of 3rd period - Shot Blocked by Erik Haula.
7:37 of 3rd period - Wrist shot by Pierre-Marc Bouchard.
7:37 of 3rd period - Stopped by Jacob Markstrom without a rebound.
7:38 of 3rd period - Derek Roy wins face-off versus Jordan Nolan in Jets zone.
8:05 of 3rd period - Devin Setoguchi is hit by Daniel Carcillo and loses puck.
8:10 of 3rd period - Backhand shot by Robert Nilsson.
8:10 of 3rd period - Shot Misses the Net.
8:12 of 3rd period - Backhand shot by Andy Rogers.
8:12 of 3rd period - Stopped by Jacob Markstrom with a rebound.
8:24 of 3rd period - John Carlson is hit by Fredrik Sjostrom and loses puck.
8:51 of 3rd period - Slapshot by Derek Roy.
8:51 of 3rd period - Shot Misses the Net.
8:53 of 3rd period - Wrist shot by Dustin Brown.
8:53 of 3rd period - Stopped by Jaroslav Halak with a rebound.
9:07 of 3rd period - John Carlson is hit by Derek Stepan and loses puck.
10:34 of 3rd period - Henrik Zetterberg is hit by Shea Weber and loses puck.
11:06 of 3rd period - Minor Penalty to Danny Richmond for High sticking.
11:07 of 3rd period - Robert Nilsson wins face-off versus Derek Roy in Lightning zone.
12:37 of 3rd period - Icing by Derek Roy.
12:38 of 3rd period - Derek Roy wins face-off versus Mikael Backlund in Jets zone.
13:06 of 3rd period - Penalty to Danny Richmond is over, Danny Richmond is back on ice.
13:07 of 3rd period - Brent Burns is hit by Marcus Johansson and loses puck.
13:36 of 3rd period - Wrist shot by Danny Richmond.
13:36 of 3rd period - Shot Misses the Net.
13:38 of 3rd period - Snap shot by Danny Richmond.
13:38 of 3rd period - Shot Misses the Net.
13:40 of 3rd period - Slapshot by Brent Burns.
13:40 of 3rd period - Shot Misses the Net.
13:42 of 3rd period - Wrist shot by Danny Richmond.
13:42 of 3rd period - Stopped by Jacob Markstrom without a rebound.
13:43 of 3rd period - Derek Roy wins face-off versus Pierre-Luc Létourneau in Jets zone.
14:53 of 3rd period - Slapshot by Shea Weber.
14:53 of 3rd period - Deflect By Joe Colborne.
14:53 of 3rd period - Shot Blocked by Andy Rogers.
14:53 of 3rd period - Puck is out of play.
14:54 of 3rd period - Joe Colborne wins face-off versus Robert Nilsson in Lightning zone.
14:59 of 3rd period - Wrist shot by Erik Haula.
14:59 of 3rd period - Deflect By Jimmy Hayes.
14:59 of 3rd period - Shot Blocked by John Carlson.
14:59 of 3rd period - Puck is out of play.
15:00 of 3rd period - Dustin Brown wins face-off versus Robert Nilsson in Lightning zone.
15:31 of 3rd period - Snap shot by Pierre-Marc Bouchard.
15:31 of 3rd period - Shot Misses the Net.
15:33 of 3rd period - Wrist shot by Pierre-Marc Bouchard.
15:33 of 3rd period - Shot Misses the Net.
15:35 of 3rd period - Snap shot by Steve Bernier.
15:35 of 3rd period - Shot Misses the Net.
15:37 of 3rd period - Snap shot by Steve Bernier.
15:37 of 3rd period - Shot Misses the Net.
15:39 of 3rd period - Snap shot by Pierre-Marc Bouchard.
15:39 of 3rd period - Deflect By Pierre-Luc Létourneau.
15:39 of 3rd period - Stopped by Jacob Markstrom without a rebound.
15:40 of 3rd period - Jordan Nolan wins face-off versus Derek Roy in Jets zone.
15:45 of 3rd period - Snap shot by Kris Versteeg.
15:45 of 3rd period - Stopped by Jacob Markstrom without a rebound.
15:46 of 3rd period - Jordan Nolan wins face-off versus Derek Roy in Jets zone.
15:52 of 3rd period - Tyler Myers is hit by Justin Schultz and loses puck.
16:09 of 3rd period - Snap shot by Benoit Pouliot.
16:09 of 3rd period - Shot Misses the Net.
16:11 of 3rd period - Wrist shot by Derek Roy.
16:11 of 3rd period - Stopped by Jaroslav Halak with a rebound.
16:38 of 3rd period - Off-side.
16:39 of 3rd period - Pierre-Marc Bouchard wins face-off versus Mikko Koivu in neutral zone.
17:06 of 3rd period - John Carlson is hit by Derek Stepan and loses puck.
17:31 of 3rd period - Jimmy Hayes is hit by Daniel Carcillo and loses puck.
18:31 of 3rd period - Wrist shot by Erik Haula.
18:31 of 3rd period - Stopped by Jaroslav Halak without a rebound.
18:32 of 3rd period - Mikko Koivu wins face-off versus Pierre-Marc Bouchard in Lightning zone.
18:57 of 3rd period - Derek Roy is hit by Brent Burns and loses puck.
19:05 of 3rd period - Off-side.
19:06 of 3rd period - Mikko Koivu wins face-off versus Kris Versteeg in neutral zone.
19:11 of 3rd period - Wrist shot by Shea Weber.
19:11 of 3rd period - Deflect By Fredrik Sjostrom.
19:11 of 3rd period - Shot Misses the Net.
19:11 of 3rd period - Puck is out of play.
19:12 of 3rd period - Mikko Koivu wins face-off versus Jordan Nolan in Lightning zone.
19:45 of 3rd period - Henrik Zetterberg is hit by Marco Scandella and loses puck.
Goals for this period are 0 for Lightning vs 0 for Jets.
Shots for this period are 11 for Lightning vs 4 for Jets.
Back to the Top